 Dungeon Crawl Stone Soup version 0.31-a0-216-g22e908daa7 (webtiles) character file.

Game seed: 8002306527422778589

11 qw the Shooter (level 2, 0/16 HPs)
             Began as a Gargoyle Hexslinger on July 2, 2023.
             Slain by a frilled lizard (1 damage)
             ... on level 1 of the Dungeon.
             The game lasted 00:00:11 (320 turns).

qw the Shooter (Gargoyle Hexslinger)                 Turns: 320, Time: 00:00:11

Health: 0/16       AC:  4    Str: 11    XL:     2   Next: 29%
Magic:  3/3        EV: 12    Int: 13    God:
Gold:   69         SH:  0    Dex: 12    Spells: 2/3 levels left

rFire   . . .        a - +1 sling
rCold   . . .        (no shield)
rNeg    + . .        c - +0 robe
rPois   inf          (no helmet)
rElec   +            (no cloak)
rCorr   .            (no gloves)
SInv    .            (no boots)
Will    .....        (no amulet)
Stlth   +            (no ring)
HPRegen 0.22/turn    (no ring)
MPRegen 0.08/turn

%: no passive effects
@: no status effects
A: sickness immunity, AC +2, negative energy resistance 1, electricity
resistance, torment resistance 1, petrification resistance
a: no special abilities


You were on level 1 of the Dungeon.
You visited 1 branch of the dungeon, and saw 1 of its levels.

You collected 69 gold pieces.


Innate Abilities, Weirdness & Mutations

You are immune to sickness and miasma.
Your stone body is resilient. (AC +2)
You are immune to poison.
You resist negative energy. (rN+)
You are resistant to electric shocks. (rElec)
You are resistant to unholy torment.
You are immune to petrification.


   Skills:
 - Level 1.1 Fighting
 + Level 2.9 Ranged Weapons
 - Level 1.5 Dodging
 - Level 1.0 Spellcasting
 - Level 2.6 Hexes


You had 2 spell levels left.
You knew the following spells:

 Your Spells              Type           Power      Damage    Failure   Level
a - Slow                  Hex            28%        N/A       10%         1

Your spell library contained the following spells:

 Spells                   Type           Power      Damage    Failure   Level
 Inner Flame              Hex/Fire       4%         N/A       43%         3
 Portal Projectile        Hex/Tloc       8%         N/A       43%         3
 Cause Fear               Hex            3%         N/A       67%         4

Inventory:

Hand Weapons
 a - a +1 sling (weapon)
Armour
 c - a +0 robe (worn)
 d - a +0 leather armour
Scrolls
 b - a scroll of poison
 e - a scroll of teleportation {unknown}
 g - a scroll of identify {unknown}
 h - a scroll of vulnerability {unknown}
Potions
 f - a potion of curing {unknown}

Dungeon Overview and Level Annotations

Branches:
Dungeon (1/15)

Altars:


Message History

The sling bullet barely misses the goblin.
The frilled lizard misses you. The goblin hits you but does no damage.
You shoot a sling bullet.
The sling bullet closely misses the goblin.
The frilled lizard misses you.
You shoot a sling bullet. The sling bullet hits the goblin.
The goblin is heavily wounded.
The goblin hits you but does no damage. The frilled lizard bites you.
You shoot a sling bullet.
The sling bullet barely misses the goblin.
The hobgoblin barely misses you. The goblin barely misses you.
The frilled lizard bites you but does no damage.
The goblin hits you but does no damage.
The frilled lizard completely misses you.
The goblin hits you but does no damage.
The hobgoblin hits you but does no damage.
You shoot a sling bullet. The sling bullet hits the goblin.
The goblin is severely wounded.
The hobgoblin barely misses you. The frilled lizard barely misses you.
The goblin hits you but does no damage. The goblin hits you with a +0 dagger.
You shoot a sling bullet. The sling bullet misses the goblin.
The hobgoblin hits you. The goblin hits you with a +0 club.
The goblin hits you with a +0 dagger.
The frilled lizard bites you but does no damage.
You shoot a sling bullet.
The sling bullet closely misses the goblin.
The hobgoblin hits you but does no damage.
The goblin hits you with a +0 club. The goblin hits you with a +0 dagger.
The frilled lizard bites you but does no damage.
You shoot a sling bullet.
The sling bullet closely misses the goblin.
The hobgoblin misses you. The goblin misses you.
The frilled lizard completely misses you.
The goblin barely misses you. The goblin misses you.
The frilled lizard bites you. The goblin hits you with a +0 club.
The hobgoblin hits you but does no damage.
You shoot a sling bullet. The sling bullet hits the goblin.
The goblin is severely wounded.
The hobgoblin closely misses you. The frilled lizard bites you.
You die...

..... #...........#
..... ####...........#
.....###....#.........#
............#)........##
........................
..........###.....##'###
..........# ########.#
$.........##########'###
......g@..##............
......glg.##.#.#########
.....[..####.##.#.......
.......?. #.#.#.###+###
......... #.#.#.#.....#
.........###.#.#.#.....#
...#.....+.'.#.#.+..<..+
.........###.#.#.#.....#
#.#.#.#.....#


You could see a hobgoblin, 2 goblins and a frilled lizard.

Vanquished Creatures
  2 bats (D:1)
  An endoplasm (D:1)
  A goblin (D:1)
  2 quokkas (D:1)
  A ball python (D:1)
  A kobold (D:1)
  3 rats (D:1)
11 creatures vanquished.

Notes
Turn   | Place    | Note
-------+----------+-------------------------------------------
     0 | D:1      | qw the Gargoyle Hexslinger began the quest for the Orb.
     0 | D:1      | Reached XP level 1. HP: 12/12 MP: 2/2
     0 | D:1      | 0 ||| qw: Version: 0.3-a-40-ge99b1a8
     0 | D:1      | 0 ||| qw: Game counter: 7923
     0 | D:1      | 0 ||| qw: Melee chars always use a shield: true
     0 | D:1      | 0 ||| qw: God list: Okawaru
     0 | D:1      | 0 ||| qw: Allow faded altars: false
     0 | D:1      | 0 ||| qw: Do Orc after clearing Dungeon:15 true
     0 | D:1      | 0 ||| qw: Do second Lair branch before Depths: true
     0 | D:1      | 0 ||| qw: Lair rune preference: random
     0 | D:1      | 0 ||| qw: Goals: Normal
     0 | D:1      | 0 ||| PLANNING D:1-11
    61 | D:1      | HP: 3/12 [quokka (3)]
   139 | D:1      | Reached XP level 2. HP: 16/16 MP: 3/3
   319 | D:1      | HP: 3/16 [frilled lizard (2)]
   319 | D:1      | HP: 1/16 [goblin/+0 club (2)]
   320 | D:1      | Slain by a frilled lizard

Levels and vault maps discovered:
D:1:      matt_arrival_los_fun, layout_basic

Action                     || total
---------------------------++-------
   Fire: Sling             ||    51
 Armour: Robe              ||    19
  Dodge: Dodged            ||    32

Table legend:
 A = Non-vault XP
 B = Vault XP
 C = Vault XP percentage of total XP
 D = Non-vault monster count
 E = Vault monster count
 F = Vault count percentage of total count
                 A         B        C        D         E       F
            +---------+---------+-------+---------+---------+-------
      Total |      17 |       0 |   0.0 |      11 |       0 |   0.0
            +---------+---------+-------+---------+---------+-------
        D:1 |      17 |       0 |   0.0 |      11 |       0 |   0.0
            +---------+---------+-------+---------+---------+-------
